 Dungeon Crawl Stone Soup version bcrawl-1.21.3-1-g0d72ed7573 (webtiles) character file.

Game seed: 3050084120741307733

566 Revguard the Chopper (level 7, 0/58 HPs)
             Began as a Human Fighter on Apr 11, 2020.
             Succumbed to a scorpion's poison
             ... on level 4 of the Dungeon.
             The game lasted 00:09:40 (2822 turns).

Revguard the Chopper (Human Fighter)                Turns: 2822, Time: 00:09:41

Health: 0/58       AC:  7    Str: 18    XL:     7   Next: 59%
Magic:  7/7        EV:  8    Int:  8    God:
Gold:   146        SH: 10    Dex: 13    Spells: 6/6 levels left

rFire    . . .     SeeInvis .   a - +1 war axe
rCold    . . .     Gourm    .   c - +0 medium shield
rNeg     . . .     Faith    .   b - +0 scale mail
rPois    .         Spirit   .   (helmet restricted)
rElec    .         Reflect  .   (no cloak)
rCorr    .         Harm     .   (no gloves)
MR       .....                  (no boots)
Stlth    ..........             (no amulet)
HPRegen  0.19/turn              (no ring)
MPRegen  0.10/turn              (no ring)

@: lethally poisoned (0 -> -5), swift, about to teleport, flying, very slightly
contaminated, very quick
A: antennae 1, robust 1
a: no special abilities


You were on level 4 of the Dungeon.
You were hungry.

You visited 1 branch of the dungeon, and saw 4 of its levels.

You collected 146 gold pieces.

Inventory:

Hand Weapons
 a - a +1 war axe (weapon)
Missiles
 t - a throwing net (quivered) {!f}
Armour
 b - a +0 scale mail (worn)
 c - a +0 medium shield (worn)
Scrolls
 h - a scroll of noise
 i - 2 scrolls of immolation
 j - 3 scrolls of identify
 m - 2 scrolls of blinking
 n - 2 scrolls of remove curse
 q - a scroll of teleportation
Comestibles
 e - 6 rations {!d}


   Skills:
 + Level 3.8 Fighting
 + Level 5.7 Axes
 + Level 5.0 Armour
 + Level 1.6 Dodging
 + Level 5.0 Shields


You had 6 spell levels left.
You didn't know any spells.
Your spell library was empty.

Dungeon Overview and Level Annotations

Branches:
Dungeon (4/12)
 Temple: D:4-7

Altars:
Makhleb
Sif Muna


Innate Abilities, Weirdness & Mutations

You have a pair of small antennae on your head.
You are robust. (+10% HP)


Message History

It is a scroll of identify.
m - 2 scrolls of blinking
As you read the scroll labeled ESAMNEXTUC, it crumbles to dust.
You feel blessed for a moment.
It was a scroll of remove curse.
You flicker back into view.
* * * LOW HITPOINT WARNING * * *
You feel sick.
A scorpion comes into view.
As you read the scroll labeled NESHRU UXZE, it crumbles to dust.
It is a scroll of enchant weapon.
Your +0 war axe glows red for a moment.
* * * LOW HITPOINT WARNING * * *
You feel sick.
As you read the scroll labeled IFIORATI HEAME, it crumbles to dust.
You feel strangely unstable.
It was a scroll of teleportation.
A crimson imp comes into view.
As you read the scroll labeled EROREM JAIPHE, it crumbles to dust.
You feel aware of your surroundings.
You sensed 1 altar.
It was a scroll of magic mapping.
You die...

##..## #..,,.###.,,,* #**
##*....## ###.##,..#..,,,*
#.###.##....# #....##.....,***
....#......####....#......,,***
.............#....>......#*,,,*
.............#............,,***
...###.##......##.........,,*
........#.......)).#*,,,,,,,***
........#.>.....@###,,,,,,,,,,**
.......##.......)##**,,,,,,,,,,**
.......###.......s###*,,,,,,,,,,*
.##......#........5.#,,,,,,,,,,,*
......#.................,,,,,,,,*
..##..###...........#...,*,*,,,,,
..##..#.........###.#*.#,,**,,,,,
........<........*,..#,#,,,,,,,,,
#.#.#...........##,..#,,,,,,,,,,*


You could see a scorpion and a crimson imp.

Vanquished Creatures
  Sigmund (D:3)
  An ogre (D:3)
  A scorpion (D:4)
  A crimson imp (D:4)
  2 orc priests (D:4)
  Terence (D:2)
  A worker ant (D:4)
  4 adders
  An ooze (D:4)
  2 worms
  2 dart slugs (D:3)
  7 leopard geckos
  9 orcs
  A ball python (D:1)
  4 giant cockroaches
  5 goblins
  9 hobgoblins
  6 jackals
  2 quokkas
  3 bats
  2 frilled lizards
  8 kobolds
  4 rats
77 creatures vanquished.

Notes
Turn   | Place    | Note
-------+----------+-------------------------------------------
     0 | D:1      | Revguard the Human Fighter began the quest for the Orb.
     0 | D:1      | Reached XP level 1. HP: 18/18 MP: 1/1
   157 | D:1      | Reached XP level 2. HP: 22/24 MP: 2/2
   497 | D:1      | Reached XP level 3. HP: 29/29 MP: 3/3
  1018 | D:2      | Noticed Terence
  1027 | D:2      | Killed Terence
  1027 | D:2      | Reached XP level 4. HP: 19/35 MP: 4/4
  1307 | D:2      | Found a shimmering blue altar of Sif Muna.
  1588 | D:3      | Noticed Sigmund
  1619 | D:3      | Killed Sigmund
  1619 | D:3      | Reached XP level 5. HP: 20/41 MP: 5/5
  1619 | D:3      | Reached XP level 6. HP: 23/47 MP: 6/6
  1623 | D:3      | Found a burning altar of Makhleb.
  1870 | D:3      | Reached skill level 1 in Dodging
  2335 | D:3      | Noticed an ogre
  2341 | D:3      | Killed an ogre
  2341 | D:3      | Reached skill level 5 in Axes
  2341 | D:3      | Reached XP level 7. HP: 44/52 MP: 7/7
  2804 | D:4      | Gained mutation: You are robust. (+10% HP) [potion of
                  | mutation]
  2804 | D:4      | Gained mutation: You have a pair of small antennae on your
                  | head. [potion of mutation]
  2815 | D:4      | Reached skill level 5 in Armour
  2815 | D:4      | Reached skill level 5 in Shields
  2817 | D:4      | HP: 2/58 [poisoned by a scorpion]
  2822 | D:4      | Succumbed to a scorpion's poison

Skill      XL: |  1  2  3  4  5  6  7 |
---------------+----------------------+-----
Armour         | 4 5 |  5.0
Axes           | 3 4 5 |  5.7
Shields        | 4 5 |  5.0
Dodging        | 1 |  1.6
Fighting       | |  3.8

Action                   |  1- 3 |  4- 6 |  7- 9 || total
-------------------------+-------+-------+-------++-------
Melee: War axe           |    74 |   123 |    54 ||   251
  Use: Scroll            |       |       |     7 ||     7
       Potion            |       |       |     7 ||     7
 Stab: Invisible         |       |       |     3 ||     3
  Eat: Chunk             |       |     5 |     1 ||     6
Armor: Scale mail        |    46 |    53 |    15 ||   114
       Skin              |       |       |     7 ||     7
Dodge: Dodged            |    35 |    36 |    18 ||    89
Block: Medium shield     |    53 |    70 |    39 ||   162
